 Dungeon Crawl Stone Soup version 0.27.1-33-g824d729ab1 (webtiles) character file.

Game seed: 11450381569009838041

177 pkoi the Ruffian (level 5, -1/41 HPs)
             Began as a Draconian Warper on Dec 13, 2021.
             Splashed by a jelly's acid (11 damage)
             ... on level 3 of the Dungeon.
             The game lasted 00:03:15 (4997 turns).

pkoi the Ruffian (Draconian Warper)                 Turns: 4997, Time: 00:03:16

Health: -1/41      AC:  1    Str: 13    XL:     5   Next: 31%
Magic:  8/8        EV: 12    Int: 14    God:
Gold:   107        SH:  0    Dex: 11    Spells: 3/8 levels left

rFire    . . .     SeeInvis .   i - +2 short sword (venom)
rCold    . . .     Faith    .   (no shield)
rNeg     . . .     Spirit   .   (armour unavailable)
rPois    .         Reflect  .   (helmet restricted)
rElec    .         Harm     .   (no cloak)
rCorr    .         Rampage  .   (no gloves)
Will     .....                  (no boots)
Stlth    +.........             f - amulet of magic regeneration
HPRegen  0.13/turn              (no ring)
MPRegen  0.36/turn              (no ring)

@: corroded
A: AC +5, unfitting armour, cold-blooded
a: no special abilities


You were on level 3 of the Dungeon.
You visited 1 branch of the dungeon, and saw 4 of its levels.

You collected 107 gold pieces.

Inventory:

Hand Weapons
 i - a +2 short sword of venom (weapon)
Missiles
 b - 5 boomerangs of dispersal (quivered)
 g - 103 stones
Jewellery
 c - a ring of resist corrosion
 f - an amulet of magic regeneration (around neck)
Wands
 n - a wand of paralysis (15)
Scrolls
 a - a scroll of blinking
 d - 2 scrolls of holy word
 e - a scroll of teleportation
 j - 2 scrolls of identify
 k - a scroll of fog
 l - a scroll of magic mapping
 m - a scroll of enchant weapon
Potions
 h - 2 potions of curing


   Skills:
 - Level 2.1 Fighting
 - Level 0.8 Throwing
 - Level 2.1 Dodging
 + Level 4.7 Unarmed Combat
 - Level 2.0 Spellcasting
 + Level 4.2 Translocations


You had 3 spell levels left.
You knew the following spells:

 Your Spells              Type           Power      Damage    Failure   Level
a - Blink                 Tloc           N/A        N/A       6%          2
b - Gell's Gravitas       Tloc           6%         N/A       12%         3

Your spell library contained the following spells:

 Spells                   Type           Power      Damage    Failure   Level
 Lesser Beckoning         Tloc           6%         N/A       12%         3
 Teleport Other           Tloc           13%        N/A       12%         3
 Corpse Rot               Necr/Air       N/A        N/A       34%         2
 Manifold Assault         Tloc           13%        N/A       75%         5
 Dispel Undead            Necr           1%         3d6       93%         4
 Death Channel            Necr           0%         N/A       100%        6


Dungeon Overview and Level Annotations

Branches:
Dungeon (4/15)
 Temple: D:4-7

Altars:


Innate Abilities, Weirdness & Mutations

Your plain brown scales are hard. (AC +5)
You cannot fit into any form of body armour.
You are cold-blooded and may be slowed by cold attacks.


Message History

You see here a jackal corpse.
You start resting.
You start resting.
HP restored.
There is a stone staircase leading down here.
You climb downwards.
The centaur shoots an arrow.
The arrow hits you!
The jackal bites you but does no damage.
The centaur shoots an arrow.
The arrow misses you.
The arrow hits the jackal!
The jackal dies!
There is a stone staircase leading up here.
Unknown command.
The centaur shoots an arrow.
The arrow hits you.
You climb upwards.
There is a stone staircase leading down here.
You start resting.
HP restored.
You climb downwards.
The centaur shoots an arrow.
The arrow hits you! The jelly hits you but does no damage.
The centaur shoots an arrow.
The arrow hits you!
There is a stone staircase leading up, spattered with blood here.
The centaur shoots an arrow.
The arrow barely misses you. The jelly hits you but does no damage.
You climb upwards.
There is a stone staircase leading down here.
You hit the jelly.
Your hands burn!
* * * LOW HITPOINT WARNING * * *
The jelly is moderately wounded.
The jelly barely misses you.
You hit the jelly.
Your hands burn!
* * * LOW HITPOINT WARNING * * *
The jelly is heavily wounded.
The jelly hits you but does no damage.
You hit the jelly.
Your hands burn!
* * * LOW HITPOINT WARNING * * *
You tail-slap the jelly.
The jelly is almost dead.
The jelly hits you.
* * * LOW HITPOINT WARNING * * *
The acid corrodes you!
You are splashed with acid!
You die...

#####.### #.##.)..##.......####
#.# #.......#####.#####..
#.#####.....[.#####.# #.#
#........##.........#####..
#############.......########.....
......# #.##.##.# #.##.# #####.#
#.##.##.# ###.##.# #.# #..÷....#
#....... #.# ###.@J### #.......
#.# #...# #.#.#.#. # ###.####
#...# #.#...#. # #......# #...#
###.###.#.
###.###..######...######.......#.
......#..#.............#..(....#.
.##.#..........................#.
###......†.............#......###
# #..##..#.####...######.#....# #


You could see a jelly.

Vanquished Creatures
  A centaur skeleton (D:4)
  A gnoll (D:1)
  7 adders
  2 worms (D:2)
  2 dart slugs
  7 orcs
  5 ball pythons
  3 endoplasms
  4 giant cockroaches
  3 goblins
  5 hobgoblins
  2 jackals
  4 kobolds
  4 quokkas
  2 bats (D:1)
  3 frilled lizards
  4 rats (D:2)
59 creatures vanquished.

Vanquished Creatures (others)
  A jackal (D:4)
1 creature vanquished.

Grand Total: 60 creatures vanquished

Notes
Turn   | Place    | Note
-------+----------+-------------------------------------------
     0 | D:1      | pkoi the Draconian Warper began the quest for the Orb.
     0 | D:1      | Reached XP level 1. HP: 17/17 MP: 3/3
   628 | D:1      | Reached XP level 2. HP: 15/24 MP: 5/5
  1831 | D:1      | Found a faded altar of an unknown god.
  1924 | D:2      | Reached XP level 3. HP: 26/29 MP: 6/6
  2003 | D:2      | Learned a level 2 spell: Blink
  2007 | D:2      | Learned a level 3 spell: Gell's Gravitas
  2772 | D:2      | Reached XP level 4. HP: 36/36 MP: 7/7
  4401 | D:4      | Reached XP level 5. HP: 24/41 MP: 8/8
  4578 | D:4      | Noticed a centaur
  4997 | D:3      | Splashed by a jelly's acid

Illustrated notes

Levels and vault maps discovered:
D:1:      zelgadis_glass_arrival_small, layout_basic,
          shapermc_ecumenical_altar_mp_vishouse, chequers_arboretum
D:2:      layout_loops_corners, grunt_ministairs_5
D:3:      layout_loops_cross
D:4:      layout_rooms, minitemple, serial_corexii_hall,
          chequers_hall_statues_y, corexii_hall_statues_t, corexii_checkpoint_b,
          nicolae_zen_rock_garden, uniq_blork_the_orc

Skill      XL: |  1  2  3  4 |
---------------+-------------+-----
Unarmed Combat | 3 4 |  4.7
Translocations | 4 |  4.2
Fighting       | |  2.1
Throwing       | |  0.8
Dodging        | |  2.1
Spellcasting   | |  2.0

Action                   |  1- 3 |  4- 6 || total
-------------------------+-------+-------++-------
Melee: Long sword        |    49 |       ||    49
       Unarmed           |     3 |       ||     3
       Tailslap          |     6 |     6 ||    12
       Short sword       |    47 |   105 ||   152
       Punch             |       |     1 ||     1
  Use: Scroll            |     8 |     2 ||    10
       Potion            |     1 |     1 ||     2
 Stab: Sleeping          |     2 |     1 ||     3
Armor: Skin              |    31 |    38 ||    69
Dodge: Dodged            |    70 |    92 ||   162
       Rpst.: Long sword |     8 |       ||     8
